 Dungeon Crawl Stone Soup version 0.30.0-29-ga12c61a403 (webtiles) character file.

Game seed: 2485460255935358148

775 booth the Chopper (level 7, -9/54 HPs)
             Began as a Demonspawn Gladiator on June 7, 2023.
             Mangled by a river rat (10 damage)
             ... summoned by Eustachio
             ... on level 5 of the Dungeon.
             The game lasted 00:29:24 (4451 turns).

booth the Chopper (Demonspawn Gladiator)            Turns: 4451, Time: 00:29:25

Health: -9/54      AC:  0    Str: 16    XL:     7   Next: 54%
Magic:  7/7        EV: 16    Int: 10    God:
Gold:   386        SH:  0    Dex: 14    Spells: 6/6 levels left

rFire   . . .        a - melded +2 war axe (elec)
rCold   . . .        (shield currently unavailable)
rNeg    . . .        b - melded +2 leather armour
rPois   .            c - melded +1 helmet
rElec   .            v - melded +0 cloak {rPois}
rCorr   .            (gloves currently unavailable)
SInv    .            (boots currently unavailable)
Will    .....        (no amulet)
Stlth   +            i - melded +6 ring of strength
HPRegen 0.29/turn    (ring currently unavailable)
MPRegen 0.10/turn

%: no passive effects
@: pig-form, very quick
A: fast, no casting, small, (thin metallic scales 2), powered by death 2,
demonic magic 1, (demonic touch 1)
a: no special abilities


You were on level 5 of the Dungeon.
You were a filthy swine.
You visited 1 branch of the dungeon, and saw 5 of its levels.

You collected 496 gold pieces.
You spent 110 gold pieces at shops.

Inventory:

Hand Weapons
 a - a +2 war axe of electrocution (melded)
 f - a +1 mace of freezing
Missiles
 d - 3 throwing nets (quivered)
 e - a javelin
 o - 9 poisoned darts
Armour
 b - a +2 leather armour (melded)
 c - a +1 helmet (melded)
 p - a +1 ring mail of fire resistance
 v - a +0 cloak of poison resistance (melded)
Jewellery
 i - a +6 ring of strength (melded)
Wands
 u - a wand of paralysis (11)
Scrolls
 g - a scroll of teleportation
 j - a scroll of magic mapping
 n - a scroll of torment {unknown}
 t - a scroll of blinking {unknown}
 w - a scroll of butterflies {unknown}
Potions
 h - 3 potions of heal wounds
 k - a potion of attraction
 l - a potion of curing {unknown}
 m - 2 potions of invisibility
 q - a potion of lignification
 r - a potion of flight {unknown}
 s - a potion of resistance {unknown}


   Skills:
 + Level 4.2 Fighting
 + Level 4.3 Axes
 + Level 3.8 Throwing
 + Level 2.9 Armour
 + Level 4.3 Dodging


You had 6 spell levels left.
You didn't know any spells.
Your spell library contained the following spells:

 Spells                   Type           Power      Damage    Failure   Level
 Apportation              Tloc           0%         N/A       36%         1
 Alistair's Intoxication  Tmut/Pois      0%         N/A       100%        5


Dungeon Overview and Level Annotations

Branches:
Dungeon (5/15)
 Temple: D:4-7

Altars:
Makhleb

Shops:
D:3 [

Annotations:
D:5 Eustachio


Innate Abilities, Weirdness & Mutations

You are a filthy swine.
You move quickly.
Your equipment is almost entirely melded.
You are incapable of wielding weapons or throwing items.
You cannot cast spells.
((You are mostly covered in thin metallic scales. (AC +3)))
You regenerate health from kills.
Spells you cast may paralyse adjacent enemies.
((Your touch may inflict minor irresistible damage on your foes.))


Message History

Your +0 cloak of poison resistance melds into your body.
Your +1 helmet melds into your body.
Your +2 leather armour melds into your body.
Your +6 ring of strength melds into your body.
Your +2 war axe of electrocution stops crackling.
You no longer feel resistant to poison.
You feel weaker. The bat attacks as you move away! The bat hits you.
The bat barely misses you.
You barely miss Eustachio.
Eustachio is severely wounded.
The quokka barely misses you. Eustachio misses you. The river rat bites you!
You barely miss Eustachio.
Eustachio is severely wounded.
The bat closely misses you. The quokka completely misses you.
Eustachio casts a spell.
Eustachio blinks!
The river rat bites you!
* * * LOW HITPOINT WARNING * * *
You barely miss Eustachio.
Eustachio is severely wounded.
The quokka bites you.
* * * LOW HITPOINT WARNING * * *
The bat hits you.
* * * LOW HITPOINT WARNING * * *
Eustachio completely misses you. The quokka misses you.
You barely miss Eustachio.
Eustachio is severely wounded.
The bat closely misses you. The bat barely misses you.
The river rat closely misses you. The rat bites you.
* * * LOW HITPOINT WARNING * * *
Eustachio closely misses you. The quokka barely misses you.
You closely miss Eustachio.
Eustachio is severely wounded.
The bat completely misses you. The river rat barely misses you.
The rat bites you.
* * * LOW HITPOINT WARNING * * *
Eustachio barely misses you. The quokka barely misses you.
You hit Eustachio.
Eustachio is almost dead.
The river rat bites you!
You die...

#############
#.......$....
#........##
#......5.#
#......5####
##.###.rr..# #.#
#.rh..#
#.###.5.@.###
#......b.....
#####.....####
#...........#
#.#########.###
##
#..............
..
#######.#.#.#####
##.# #....# # #<#
#...


You could see Eustachio, an iron imp (summoned), a crimson imp (summoned), a
river rat (summoned), a white imp (summoned), a quokka (summoned), a bat
(summoned) and a rat (summoned).

Vanquished Creatures
  A hornet (D:4)
  An ogre (D:4)
  A kobold brigand (D:4)
  A bullfrog (D:4)
  2 scorpions (D:4)
  Jessica (D:2)
  Natasha (thrice) (D:2)
  3 adders
  An ufetubus (D:4)
  7 orcs
  6 bats
  5 endoplasms
  4 giant cockroaches (D:4)
  10 goblins
  10 hobgoblins
  6 jackals
  9 quokkas
  8 ball pythons
  A frilled lizard (D:3)
  6 kobolds
  5 rats
91 creatures vanquished.

Notes
Turn   | Place    | Note
-------+----------+-------------------------------------------
     0 | D:1      | booth the Demonspawn Gladiator began the quest for the Orb.
     0 | D:1      | Reached XP level 1. HP: 16/16 MP: 1/1
   616 | D:1      | Gained mutation: You are partially covered in thin metallic
                  | scales. (AC +2) [demonic ancestry]
   616 | D:1      | Reached XP level 2. HP: 22/22 MP: 2/2
  1310 | D:2      | Noticed Jessica
  1316 | D:2      | Killed Jessica
  1317 | D:2      | Gained mutation: You regenerate a little health from kills.
                  | [demonic ancestry]
  1317 | D:2      | Reached XP level 3. HP: 11/28 MP: 3/3
  1441 | D:2      | Noticed Natasha
  1766 | D:2      | Killed Natasha
  1767 | D:2      | Reached skill level 1 in Armour
  1767 | D:2      | Gained mutation: Your touch may inflict minor irresistible
                  | damage on your foes. [demonic ancestry]
  1767 | D:2      | Reached XP level 4. HP: 20/34 MP: 4/4
  1884 | D:2      | Noticed Natasha
  1897 | D:2      | Killed Natasha
  2151 | D:2      | Noticed Natasha
  2170 | D:2      | Killed Natasha
  2171 | D:2      | Gained mutation: Spells you cast may paralyse adjacent
                  | enemies. [demonic ancestry]
  2171 | D:2      | Reached XP level 5. HP: 38/41 MP: 5/5
  2224 | D:3      | Found Raofoedgh's Armour Shoppe.
  2224 | D:3      | Noticed an animated plate armour
  2224 | D:3      | Noticed an animated pearl dragon scales
  2475 | D:3      | Found a burning altar of Makhleb.
  3401 | D:4      | Gained mutation: You regenerate health from kills. [demonic
                  | ancestry]
  3401 | D:4      | Reached XP level 6. HP: 47/47 MP: 6/6
  3596 | D:3      | Bought a +0 cloak of poison resistance for 110 gold pieces
  3612 | D:4      | Identified the +3 ring mail of Cuwyu {Harm Str+3 Dex-3
                  | SInv}
  3805 | D:4      | Noticed a hornet
  3832 | D:4      | Killed a hornet
  3833 | D:4      | Gained mutation: You are mostly covered in thin metallic
                  | scales. (AC +3) [demonic ancestry]
  3833 | D:4      | Reached XP level 7. HP: 54/54 MP: 7/7
  4316 | D:5      | Entered Level 5 of the Dungeon
  4401 | D:5      | Noticed Eustachio
  4450 | D:5      | HP: 1/54 [rat[Eustachio] (2)]
  4451 | D:5      | Mangled by a river rat

Illustrated notes

Levels and vault maps discovered:
D:1:      spicycebolla_arrival_risky_transporter, layout_basic,
          minmay_misc_feat_rows, grunt_decor_cap
D:2:      layout_basic, grunt_decor_junction, grunt_decor_clamped, uniq_natasha,
          uniq_jessica
D:3:      layout_basic, lightli_temple_of_fire, serial_shops,
          nicolae_shop_mannequins
D:4:      minmay_polygon_palace, layout_basic
D:5:      layout_basic, mainiacjoe_overflow_small_starburst, uniq_eustachio

Skill      XL: |  1  2  3  4  5  6 |
---------------+-------------------+-----
Throwing       | 2 3 |  3.8
Axes           | 3 4 |  4.3
Dodging        | 3 4 |  4.3
Armour         | 1 2 |  2.9
Fighting       | 3 4 |  4.2

Action                     |  1- 3 |  4- 6 |  7- 9 || total
---------------------------+-------+-------+-------++-------
  Melee: War axe           |    74 |   100 |    14 ||   188
         Touch             |       |    21 |     1 ||    22
         Punch             |       |     1 |       ||     1
         Unarmed           |       |       |    30 ||    30
  Throw: Javelin           |     1 |     1 |       ||     2
    Use: Scroll            |     4 |    11 |       ||    15
         Potion            |       |       |     1 ||     1
   Stab: Sleeping          |     1 |     1 |       ||     2
 Armour: Leather armour    |    20 |    38 |     7 ||    65
         Skin              |       |       |     7 ||     7
  Dodge: Dodged            |    54 |    52 |    71 ||   177
